 Dungeon Crawl Stone Soup version 0.28.0-62-gf88900778d (webtiles) character file.

Game seed: 8374280148901863085

42 cbfl8 the Skirmisher (level 3, -10/29 HPs)
             Began as a Demonspawn Fighter on July 1, 2023.
             Engulfed by a cloud of flame (25 damage)
             ... on level 2 of the Dungeon.
             The game lasted 00:01:03 (1758 turns).

cbfl8 the Skirmisher (Demonspawn Fighter)           Turns: 1758, Time: 00:01:03

Health: -10/29     AC:  6    Str: 16    XL:     3   Next: 35%
Magic:  3/3        EV:  9    Int:  9    God:
Gold:   60         SH:  5    Dex: 14    Spells: 2/2 levels left

rFire   . . .      SeeInvis .   a - +0 war axe
rCold   . . .      Faith    .   c - +0 buckler
rNeg    . . .      Spirit   .   b - +0 scale mail
rPois   .          Reflect  .   (no helmet)
rElec   .          Harm     .   (no cloak)
rCorr   .          Rampage  .   (no gloves)
Will    .....                   (no boots)
Stlth   ..........              (no amulet)
HPRegen 0.09/turn               (no ring)
MPRegen 0.08/turn               (no ring)

@: no status effects
A: claws 1, condensation shield
a: no special abilities


You were on level 2 of the Dungeon.
You visited 1 branch of the dungeon, and saw 2 of its levels.

You collected 60 gold pieces.

Inventory:

Hand Weapons
 a - a +0 war axe (weapon)
Armour
 b - a +0 scale mail (worn)
 c - a +0 buckler (worn)
Scrolls
 e - a scroll of acquirement {unknown}
 g - a scroll of identify {unknown}
 i - a scroll of vulnerability {unknown}
 j - a scroll of immolation {unknown}
 k - a scroll of fog {unknown}
Potions
 d - 2 potions of might
 f - 2 potions of curing {unknown}
 h - a potion of lignification {unknown}


   Skills:
 + Level 3.3 Fighting
 + Level 2.1 Axes
 + Level 3.1 Armour
 + Level 0.3 Dodging
 + Level 2.9 Shields
 * Level 0.9 Evocations


You had 2 spell levels left.
You didn't know any spells.
Your spell library was empty.

Dungeon Overview and Level Annotations

Branches:
Dungeon (2/15)

Altars:


Innate Abilities, Weirdness & Mutations

You have sharp fingernails.
A meltable shield of frost defends you. (SH +0)


Message History

You open the huge gate.
Found a faded altar of an unknown god.
No target in view!
There is a huge open gate here.
There is a huge open gate here.
There is a huge open gate here.
There is a huge open gate here.
There is a huge open gate here.
Found a stone staircase leading up.
No target in view!
There is a stone staircase leading up here.
You see here 19 stones.
You see here a +0 leather armour.
Found an escape hatch in the floor.
No target in view!
There is a stone staircase leading down here.
You see here 27 arrows.
You see here a +0 club.
There is a huge open gate here.
There is a huge open gate here.
There is a huge open gate here.
A ball python comes into view.
No reachable target in view!
A ball python is nearby!
No reachable target in view!
A ball python is nearby!
No reachable target in view!
A ball python is nearby!
No reachable target in view!
The ball python is engulfed in blazing flames.
The ball python dies!
Found 6 gold pieces.
Really walk into a travel-excluded area?
Found 18 gold pieces.
Really walk into that cloud of flame?
You are engulfed in blazing flames.
Your condensation shield dissipates!
You are engulfed in blazing flames.
Ouch! That really hurt!
You die...

#.#.##########.###
#.#.#.... #.#.# #.#
#.#.##... ###.#.#
#.# #.#.#####
......## #.#
#.#.##### .......#
#.## #.#.<....
###.##.# #..##
#.####### #.# .#
#...# #.## ### #.#
.# #☼§○# #..# #..
#.# .# #@§§# ##.#
#.# #.# (# #○☼°#
###.####.# #.##.#
#...#####.....##.#
#..#.#
.....§§§......##.#
#.#.#
..$..○§.......(..#
####.#.#
§.$$..§§.......#..#
.......#
##...#####.....#..#
......(# #..§#
###.###..# ####.#.#
☼. #...###..#


There were no monsters in sight!

Vanquished Creatures
  An adder (D:2)
  2 dart slugs (D:1)
  2 ball pythons
  3 endoplasms
  4 giant cockroaches
  A goblin (D:1)
  3 hobgoblins (D:2)
  2 kobolds (D:2)
  A bat (D:1)
  4 frilled lizards (D:1)
  5 rats
28 creatures vanquished.

Vanquished Creatures (others)
  A ball python (D:2)
1 creature vanquished.

Grand Total: 29 creatures vanquished

Notes
Turn   | Place    | Note
-------+----------+-------------------------------------------
     0 | D:1      | cbfl8 the Demonspawn Fighter began the quest for the Orb.
     0 | D:1      | Reached XP level 1. HP: 18/18 MP: 1/1
   448 | D:1      | You fall into a shaft and drop 1 floor!
   453 | D:2      | Discovered your monstrous ancestry.
   453 | D:2      | Gained mutation: You have sharp fingernails. [demonic
                  | ancestry]
   453 | D:2      | Reached XP level 2. HP: 24/24 MP: 2/2
   827 | D:1      | Gained mutation: A meltable shield of frost defends you.
                  | (SH +0) [demonic ancestry]
   827 | D:1      | Reached XP level 3. HP: 26/29 MP: 3/3
  1576 | D:2      | Found a faded altar of an unknown god.
  1758 | D:2      | Engulfed by a cloud of flame

Illustrated notes

Levels and vault maps discovered:
D:1:      psy_arrival_fountain, layout_loops_corners
D:2:      layout_loops_ring, hellmonk_ecumenical_altar_heavens_door,
          lemuel_flame_loot_1

Skill      XL: |  1  2 |
---------------+-------+-----
Armour         | 3 |  3.1
Axes           | 2 |  2.1
Fighting       | |  3.3
Dodging        | |  0.3
Shields        | |  2.9
Evocations     | |  0.9

Action                   || total
-------------------------++-------
Melee: War axe           ||    93
Armor: Scale mail        ||    42
Dodge: Dodged            ||    37
Block: Buckler           ||    29
